 Dungeon Crawl Stone Soup version 0.19.4-9-g45fd643 (webtiles) character file.

121 sveltemanboy the Slasher (level 5, 0/26 HPs)
             Began as a Vine Stalker Gladiator on Feb 16, 2017.
             Slain by Stepladder's ghost (8 damage)
             ... on level 3 of the Dungeon.
             The game lasted 00:04:29 (1903 turns).

sveltemanboy the Slasher (Vine Stalker Gladiator)   Turns: 1903, Time: 00:04:30

Health: 0/26       AC: 12    Str: 18    XL:     5   Next: 5%
Magic:  0/6        EV: 10    Int:  9    God:
Gold:   69         SH:  0    Dex: 14    Spells: 0 memorised, 4 levels left

rFire  . . .     SeeInvis .     p - +1 whip (elec)
rCold  . . .     Gourm    .     r - +0 pearl dragon scales
rNeg   + . .     Faith    .     (no shield)
rPois  .         Spirit   +     c - +0 helmet
rElec  .         Reflect  .     (no cloak)
rCorr  .         Harm     .     o - +0 pair of gloves
MR     .....                    (no boots)
Stlth  ..........               (no amulet)
                                (no ring)
                                (no ring)

@: no status effects
A: fangs 2, regeneration 1, magic shield, antimagic bite, no device heal 3, rot
immunity
a: no special abilities


You were on level 3 of the Dungeon.
You were not hungry.

You visited 1 branch of the dungeon, and saw 3 of its levels.

You collected 69 gold pieces.

Inventory:

Hand Weapons
 a - a +0 long sword
 p - a +1 whip of electrocution (weapon)
Missiles
 n - a throwing net (quivered)
Armour
 c - a +0 helmet (worn)
 o - a +0 pair of gloves (worn)
 r - +0 pearl dragon scales (worn)
Scrolls
 b - a scroll of amnesia {unknown}
 j - a scroll of remove curse {unknown}
 k - 3 scrolls of identify {unknown}
 l - a scroll of enchant armour {unknown}
 q - a scroll of random uselessness {unknown}
 s - a scroll of noise {unknown}
Potions
 e - 2 potions of lignification {unknown}
 g - a potion of brilliance {unknown}
 h - a potion of heal wounds {unknown}
 i - 2 potions of curing {unknown}
 m - a potion of agility {unknown}
Comestibles
 d - 5 chunks of flesh
 f - 4 bread rations


   Skills:
 - Level 2.0 Fighting
 * Level 4.0 Long Blades
 - Level 1.7 Throwing
 + Level 1.4 Armour
 + Level 3.0 Dodging


You had 4 spell levels left.
You didn't know any spells.

Dungeon Overview and Level Annotations

Branches:
Dungeon (3/15)

Altars:
Uskayaw

Annotations:
D:3 Stepladder's ghost, amateur GrFi


Innate Abilities, Weirdness & Mutations

You have extremely sharp teeth.
Your natural rate of healing is unusually fast.
When hurt, damage is shared between your health and your magic reserves.
Your bite disrupts and absorbs the magic of your enemies.
Potions and wands cannot restore your health.
You are immune to rotting.


Message History

Stepladder's ghost barely misses you.
You barely miss Stepladder's ghost.
You bite Stepladder's ghost, but do no damage.
Stepladder's ghost is severely damaged.
Stepladder's ghost barely misses you.
You hit Stepladder's ghost.
Stepladder's ghost is almost destroyed.
Stepladder's ghost hits you!
You hit Stepladder's ghost but do no damage.
Stepladder's ghost is almost destroyed.
Stepladder's ghost hits you.
* * * LOW HITPOINT WARNING * * *
You are too injured to fight recklessly!
You hit Stepladder's ghost but do no damage.
Stepladder's ghost is almost destroyed.
Stepladder's ghost hits you but does no damage.
You closely miss Stepladder's ghost.
Stepladder's ghost is almost destroyed.
Stepladder's ghost hits you!
You die...

#......# ##...##
####.### #####
#.# #.# #.#####
#.....# #####.#
##.###########.#
#...##..@W.....#
##.....#########
#######


You could see Stepladder's ghost.

Vanquished Creatures
  3 gnolls
  6 adders
  A worm (D:2)
  2 leopard geckos
  4 bats
  A giant cockroach (D:1)
  2 hobgoblins (D:2)
  3 quokkas
  2 ball pythons
  4 frilled lizards
  6 kobolds
  6 rats
40 creatures vanquished.

Notes
Turn   | Place    | Note
-------+----------+-------------------------------------------
     0 | D:1      | sveltemanboy the Vine Stalker Gladiator began the quest for the Orb.
     0 | D:1      | Reached XP level 1. HP: 11/11 MP: 2/2
   121 | D:1      | Reached XP level 2. HP: 15/15 MP: 3/3
   256 | D:1      | Reached skill level 3 in Long Blades
   645 | D:2      | Reached XP level 3. HP: 13/18 MP: 1/4
   967 | D:2      | Reached skill level 1 in Armour
  1235 | D:2      | Gained mutation: Your natural rate of healing is unusually fast. [Vine Stalker growth]
  1235 | D:2      | Reached XP level 4. HP: 23/23 MP: 5/5
  1842 | D:3      | Reached skill level 4 in Long Blades
  1842 | D:3      | Reached XP level 5. HP: 23/26 MP: 4/6
  1856 | D:3      | Found a hide-covered altar of Uskayaw.
  1891 | D:3      | Noticed Stepladder's ghost (amateur GrFi)
  1903 | D:3      | Slain by Stepladder's ghost

Skill      XL: |  1  2  3  4 |
---------------+-------------+-----
Fighting       | 2 |  2.0
Long Blades    | 3 4 |  4.0
Armour         | 1 |  1.4
Dodging        | 3 |  3.0
Throwing       | |  1.7

Action                   |  1- 3 |  4- 6 || total
-------------------------+-------+-------++-------
Melee: Long sword        |    70 |    24 ||    94
       Bite              |    26 |    18 ||    44
       Whip              |       |    45 ||    45
Throw: Throwing net      |    10 |     1 ||    11
 Stab: Sleeping          |     1 |       ||     1
       Held in net/web   |     2 |       ||     2
  Eat: Chunk             |       |     3 ||     3
Armor: Leather armour    |    23 |     5 ||    28
       Pearl dragon scal |       |    15 ||    15
Dodge: Dodged            |    61 |    46 ||   107
       Rpst.: Long sword |    25 |     5 ||    30
